 Dungeon Crawl Stone Soup version 0.20.1-1-g8b1a95d (webtiles) character file.

756 troglodite the Skirmisher (level 7, -7/56 HPs)
             Began as a Demonspawn Berserker on Dec 7, 2017.
             Was a Believer of Trog.
             Mangled by an ogre
             ... wielding a +0 giant club
              (24 damage)
             ... on level 4 of the Dungeon.
             The game lasted 00:10:04 (3405 turns).

troglodite the Skirmisher (Demonspawn Berserker)    Turns: 3405, Time: 00:10:05

Health: -7/56      AC: 10    Str: 17    XL:     7   Next: 50%
Magic:  7/7        EV: 11    Int:  8    God:    Trog [**....]
Gold:   227        SH:  5    Dex: 15    Spells: 6/6 levels left

rFire    . . .     SeeInvis .   d - +1 hand axe (venom)
rCold    . . .     Gourm    .   (no shield)
rNeg     . . .     Faith    .   r - +0 scale mail
rPois    .         Spirit   .   (no helmet)
rElec    .         Reflect  +   (no cloak)
rCorr    .         Harm     .   m - +0 pair of gloves
MR       .....                  (no boots)
Stlth    ..........             z - +5 amulet of reflection
Regen    0.2/turn               j - ring of flight
MPRegen  0.1/turn               (no ring)

@: no status effects
A: hooves 2, slimy green scales 1, rot immunity
a: Berserk, Trog's Hand, Burn Spellbooks, Renounce Religion, Evoke Flight


You were on level 4 of the Dungeon.
You worshipped Trog.
Trog was pleased with you.
You were not hungry.

You visited 1 branch of the dungeon, and saw 4 of its levels.

You collected 227 gold pieces.

Inventory:

Hand Weapons
 a - a +0 falchion
 d - a +1 hand axe of venom (weapon)
Armour
 m - a +0 pair of gloves (worn)
 r - a +0 scale mail (worn)
Jewellery
 j - a ring of flight (left hand)
 z - a +5 amulet of reflection (around neck)
 D - an uncursed amulet of the gourmand {unknown}
Wands
 b - a wand of polymorph (11/24)
Scrolls
 h - 2 scrolls of identify {unknown}
 k - 2 scrolls of teleportation {unknown}
 o - a scroll of recharging {unknown}
 p - a scroll of amnesia {unknown}
 q - a scroll of fear {unknown}
 v - 2 scrolls of random uselessness {unknown}
 w - 5 scrolls of remove curse {unknown}
 x - 3 scrolls of enchant armour {unknown}
 y - a scroll of magic mapping {unknown}
 B - a scroll of blinking {unknown}
Potions
 e - a potion of heal wounds {unknown}
 g - a potion of cancellation {unknown}
 l - a potion of curing {unknown}
 n - 4 potions of haste {unknown}
 s - 2 potions of agility {unknown}
 t - a potion of degeneration {unknown}
 u - a potion of brilliance {unknown}
 C - a potion of flight {unknown}
Comestibles
 c - 3 bread rations
 f - 3 meat rations
 i - 4 chunks of flesh
 A - 2 royal jellies


   Skills:
 * Level 5.0 Fighting
 + Level 2.9 Long Blades
 + Level 3.1 Axes
 * Level 4.6 Armour
 * Level 3.7 Dodging
 + Level 0.4 Stealth


You had 6 spell levels left.
You didn't know any spells.

Dungeon Overview and Level Annotations

Branches:
Dungeon (4/15)
 Temple: D:4-7

Altars:
Zin


Innate Abilities, Weirdness & Mutations

You have hoof-like feet.
You are partially covered in slimy green scales. (AC +2)
You are immune to rotting.


Message History

An ogre comes into view. It is wielding a giant club.
The ogre moves out of view.
You hit the ogre.
The ogre is poisoned.
The ogre is lightly wounded.
The ogre hits you with a giant club!!
You closely miss the ogre. You kick the ogre, but do no damage.
The ogre is lightly wounded.
The ogre hits you with a giant club!!
You barely miss the ogre. You kick the ogre.
The ogre is moderately wounded.
The ogre hits you with a giant club.
* * * LOW HITPOINT WARNING * * *
You hit the ogre.
The ogre is heavily wounded.
The ogre barely misses you.
Your scale mail prevents you from hitting the ogre.
You kick the ogre.
The ogre is heavily wounded.
The ogre hits you with a giant club!!
You die...

#....##.....# ###...)
#....##.....###########...#..
#............................
#####..<.#..##.######.......###..
...........###..## ######### #..
#####....### ##..# #.. #....#
##.# #.. ###.## #O# #.. #># #@#
#.. #.# #.## #.. #.### #..# #..
#...# #..(### ##.# #.. #.###
###...#####.# ... #. #
###.......# #... # ####....#
#..## # ##.##.# ....###
###..##..# #..##


You could see an ogre.

Vanquished Creatures
  Pikel (D:4)
  An ogre (D:4)
  A hound (D:4)
  2 worker ants (D:4)
  6 adders
  3 worms (D:2)
  5 dart slugs
  2 leopard geckos
  4 orcs (D:3)
  A ball python (D:1)
  10 bats
  3 giant cockroaches
  9 hobgoblins
  10 jackals
  A quokka (D:2)
  7 frilled lizards
  6 goblins
  7 kobolds
  6 rats
  A plant (D:1)
86 creatures vanquished.

Vanquished Creatures (others)
  An orc (D:4)
1 creature vanquished.

Grand Total: 87 creatures vanquished

Notes
Turn   | Place    | Note
-------+----------+-------------------------------------------
     0 | D:1      | troglodite the Demonspawn Berserker began the quest for the Orb.
     0 | D:1      | Reached XP level 1. HP: 18/18 MP: 1/1
   408 | D:1      | Gained mutation: You have large cloven feet. [demonic ancestry]
   408 | D:1      | Reached XP level 2. HP: 23/24 MP: 2/2
  1056 | D:2      | Gained mutation: You are immune to rotting. [demonic ancestry]
  1056 | D:2      | Reached XP level 3. HP: 22/30 MP: 3/3
  1320 | D:2      | Reached skill level 4 in Fighting
  1629 | D:2      | Reached XP level 4. HP: 36/37 MP: 4/4
  1650 | D:2      | Found a glowing silver altar of Zin.
  2198 | D:3      | Reached ** piety under Trog
  2445 | D:3      | Reached skill level 1 in Axes
  2555 | D:3      | Found a faded altar of an unknown god.
  2706 | D:3      | Reached XP level 5. HP: 43/43 MP: 5/5
  3153 | D:4      | Noticed an ogre
  3159 | D:4      | Killed an ogre
  3219 | D:4      | Gained mutation: You are partially covered in slimy green scales. (AC +2) [demonic ancestry]
  3219 | D:4      | Reached XP level 6. HP: 44/49 MP: 6/6
  3250 | D:4      | Noticed a slave
  3251 | D:4      | Noticed Pikel
  3251 | D:4      | Noticed a slave
  3251 | D:4      | Noticed a slave
  3254 | D:4      | Noticed a slave
  3265 | D:4      | Killed Pikel
  3265 | D:4      | Reached skill level 5 in Fighting
  3265 | D:4      | Gained mutation: You have hoof-like feet. [demonic ancestry]
  3265 | D:4      | Reached XP level 7. HP: 56/56 MP: 7/7
  3405 | D:4      | Mangled by an ogre

Skill      XL: |  1  2  3  4  5  6 |
---------------+-------------------+-----
Armour         | 2 3 4 |  4.6
Dodging        | 2 3 |  3.7
Fighting       | 4 5 |  5.0
Axes           | 1 3 |  3.1
Long Blades    | |  2.9
Stealth        | |  0.4

Action                   |  1- 3 |  4- 6 |  7- 9 || total
-------------------------+-------+-------+-------++-------
Melee: Hand axe          |    93 |   110 |     8 ||   211
       Kick              |    29 |    23 |     3 ||    55
Invok: Berserk           |     1 |     3 |       ||     4
  Eat: Chunk             |     3 |     7 |     2 ||    12
Armor: Animal skin       |    26 |       |       ||    26
       Scale mail        |    20 |    61 |     1 ||    82
Dodge: Dodged            |    62 |    73 |     3 ||   138
Block: Other             |       |     7 |     1 ||     8
